 Dungeon Sprint DCSS version 0.30-a0-691-g754fce4c43 (webtiles) character file.

Game seed: 14367880146301145685

530 BigDaddyOpFi the Cleaver (level 7, -6/71 HPs)
             Began as a Hill Orc Berserker on Jan 19, 2023.
             Was a Priest of Trog.
             Mangled by a boulder beetle (17 damage)
             ... in the Dungeon (Sprint II: "The Violet Keep of Menkaure").
             The game lasted 00:01:05 (517 turns).

BigDaddyOpFi the Cleaver (Hill Orc Berserker)        Turns: 517, Time: 00:01:06

Health: -6/71      AC:  2    Str: 22    XL:     7   Next: 24%
Magic:  7/7        EV: 13    Int:  7    God:    Trog [***...]
Gold:   486        SH:  0    Dex: 10    Spells: 6/6 levels left

rFire   . . .      SeeInvis .    a - +0 hand axe
rCold   . . .      Faith    .    (no shield)
rNeg    . . .      Spirit   .    b - +0 animal skin
rPois   .          Reflect  .    (no helmet)
rElec   .          Harm     .    (no cloak)
rCorr   .          Rampage  .    (no gloves)
Will    .....      NoTele   +    (no boots)
Stlth   +                        (no amulet)
HPRegen 0.31/turn                (no ring)
MPRegen 0.10/turn                (no ring)

@: on berserk cooldown, hasted and slowed
A: no striking features
a: Renounce Religion, Berserk, Trog's Hand


You were in the Dungeon.
You worshipped Trog.
Trog was most pleased with you.
You visited 1 branch You collected 486 gold pieces.

Inventory:

Hand Weapons
 a - a +0 hand axe (weapon)
Armour
 b - a +0 animal skin (worn)
Scrolls
 h - a scroll of blinking
Potions
 c - a potion of curing
 f - 2 potions of magic
 g - a potion of berserk rage


   Skills:
 + Level 9.8 Fighting
 + Level 10.6 Axes
 + Level 8.6 Armour
 + Level 6.5 Dodging


You had 6 spell levels left.
You didn't know any spells.
Your spell library was empty.

Dungeon Overview and Level Annotations

Branches:
Dungeon (1/1)

Altars:

Annotations:
D exclusion: ice statue


Message History

You hit the boulder beetle but do no damage.
The boulder beetle is heavily wounded.
You slash the boulder beetle!
The boulder beetle is severely wounded.
The boulder beetle bites you!!
You slash the boulder beetle!
The boulder beetle is severely wounded.
You hit the boulder beetle but do no damage.
You are no longer berserk.
You are exhausted.
You feel yourself slow down. The boulder beetle hits you.
The boulder beetle stops rolling and uncurls.
You hit the boulder beetle but do no damage.
The boulder beetle is severely wounded.
You completely miss the boulder beetle. The boulder beetle bites you!
The boulder beetle leaps!
You hit the boulder beetle but do no damage.
The boulder beetle is severely wounded.
The boulder beetle leaps! x2
You feel yourself speed up.
The boulder beetle leaps!
The boulder beetle curls into a ball and begins rolling!
You hit the boulder beetle but do no damage.
You hit the boulder beetle but do no damage.
The boulder beetle bites you!
* * * LOW HITPOINT WARNING * * *
You feel much better. The boulder beetle bites you!
* * * LOW HITPOINT WARNING * * *
The boulder beetle stops rolling and uncurls.
The boulder beetle bites you.
* * * LOW HITPOINT WARNING * * *
You hit the boulder beetle but do no damage.
The boulder beetle is severely wounded.
You completely miss the boulder beetle. The boulder beetle bites you.
* * * LOW HITPOINT WARNING * * *
The boulder beetle closely misses you.
You hit the boulder beetle.
The boulder beetle is severely wounded.
You hit the boulder beetle but do no damage.
The boulder beetle misses you. The boulder beetle bites you!
You die...

.. .. +++#
... #+## ##
#.## #.###.#
####.#.####
##.###'###@##
#..÷##.##BB$#
+.##'.<.'###+
#...##.##...#
##.###†# #.##
####†#.# ##
#..##.#
##..### ##+#


You could see 2 boulder beetles.

Vanquished Creatures
  2 wyverns (D)
  4 necrophages (D)
  3 worms (D)
9 creatures vanquished.

Vanquished Creatures (others)
  Menkaure (D)
1 creature vanquished.

Grand Total: 10 creatures vanquished

Notes
Turn   | Place    | Note
-------+----------+-------------------------------------------
     0 | D        | BigDaddyOpFi the Hill Orc Berserker began the quest for the
                  | Orb.
     0 | D        | Reached XP level 1. HP: 19/19 MP: 1/1
     1 | D        | Noticed a wyvern
     1 | D        | Noticed a wyvern
     8 | D        | Killed a wyvern
     9 | D        | Reached skill level 7 in Axes
     9 | D        | Reached XP level 2. HP: 20/34 MP: 2/2
     9 | D        | Reached XP level 3. HP: 23/39 MP: 3/3
     9 | D        | Reached XP level 4. HP: 27/47 MP: 4/4
     9 | D        | Reached XP level 5. HP: 30/52 MP: 5/5
    11 | D        | Killed Menkaure
    14 | D        | Killed a wyvern
    15 | D        | Reached skill level 9 in Axes
    15 | D        | Reached skill level 5 in Dodging
    15 | D        | Reached XP level 6. HP: 20/62 MP: 6/6
   271 | D        | Noticed an ice statue
   286 | D        | Reached ** piety under Trog
   291 | D        | Reached skill level 10 in Axes
   294 | D        | Reached XP level 7. HP: 70/70 MP: 7/7
   434 | D        | Reached *** piety under Trog
   482 | D        | Noticed a boulder beetle
   482 | D        | Noticed a boulder beetle
   517 | D        | Mangled by a boulder beetle

Illustrated notes

Levels and vault maps discovered:
D:        the_violet_keep_of_menkaure [sprint2_stairs_cluster_1,
          sprint2_shoproom, sprint2_temple, sprint2_basic_supplies,
          sprint2_obstacle_6, sprint2_obstacle_5, sprint2_obstacle_2,
          sprint2_obstacle_4, sprint2_obstacle_3, sprint2_timed_cluster_1,
          sprint2_smallroom_cluster_1, sprint2_smallroom_final_cluster_1,
          sprint2_transparent_cluster_1, sprint2_second_timed_cluster_1,
          sprint2_sniper_area_1, sprint2_heavy_combat_area_1,
          sprint2_mutation_trap_area_1, sprint2_forest_area_1,
          sprint2_light_combat_area_1, sprint2_behind_water_1,
          sprint2_near_end_vault_1]

Skill      XL: |  1  2  3  4  5  6 |
---------------+-------------------+-----
Fighting       | 7 8 9 |  9.8
Axes           | 7 9 10 | 10.6
Armour         | 6 7 8 |  8.6
Dodging        | 4 5 6 |  6.5

Action                   |  1- 3 |  4- 6 |  7- 9 || total
-------------------------+-------+-------+-------++-------
Melee: Hand axe          |     5 |    18 |    35 ||    58
Invok: Berserk           |     1 |     1 |     2 ||     4
  Use: Potion            |       |       |     2 ||     2
Dodge: Dodged            |     5 |     9 |     7 ||    21

Table legend: (Time is in decaauts)
 A = Elapsed time spent in this place.
 B = Non-inter-level travel time spent in this place.
 C = Inter-level travel time spent in this place.
 D = Time resting spent in this place.
 E = Time spent auto-exploring this place.
 F = Levels seen in this place.
 G = Mean time per level.
                   A        B        C        D        E       F      G
               +--------+--------+--------+--------+--------+-----+--------+
         Total |    528 |    528 |      0 |    437 |      0 |   1 |  528.0 |
       Dungeon |    528 |    528 |      0 |    437 |      0 |   1 |  528.0 |
               +--------+--------+--------+--------+--------+-----+--------+

Top non-repeatable levels by time:
       D: 528 daAuts
